 Dungeon Crawl Stone Soup version 0.28-a0-612-gcfc00ec14d (webtiles) character file.

Game seed: 16003826453909734472

3705 avis the Martial Artist (level 10, -1/69 HPs)
             Began as an Octopode Transmuter on Oct 6, 2021.
             Was an Initiate of Gozag.
             Slain by a steam dragon (3 damage)
             ... on level 8 of the Dungeon.
             The game lasted 01:10:07 (11534 turns).

avis the Martial Artist (Octopode Transmuter)      Turns: 11534, Time: 01:10:09

Health: -1/69      AC:  2    Str: 12    XL:     10   Next: 14%
Magic:  11/13      EV: 19    Int: 16    God:    Gozag
Gold:   82         SH:  0    Dex: 18    Spells: 3/13 levels left

rFire   . . .      SeeInvis .     - Unarmed
rCold   . . .      Faith    .   (shield currently unavailable)
rNeg    . . .      Spirit   .   (helmet currently unavailable)
rPois   .          Reflect  .   (no amulet)
rElec   .          Harm     .   i - ring of poison resistance
rCorr   .          Rampage  .   (no ring)
Will    .....                   (no ring)
Stlth   ++........              (no ring)
HPRegen 0.21/turn               (no ring)
MPRegen 0.13/turn               (no ring)
                                (no ring)
                                (no ring)

@: spider-form
A: venomous fangs, almost no armour, (amphibious), 8 rings, tiny, (camouflage
1), (gelatinous body 1), (nimble swimmer 1), (tentacles)
a: End Transformation, Renounce Religion, Potion Petition, Call Merchant, Bribe
Branch


You were on level 8 of the Dungeon.
You worshipped Gozag.
Gozag was noncommittal.
You were a venomous arachnid creature.
You visited 2 branches of the dungeon, and saw 9 of its levels.

You collected 798 gold pieces.
You spent 684 gold pieces at shops.
You paid 32 gold pieces to Gozag.

Inventory:

Hand Weapons
 w - a +4 dagger of venom
Missiles
 a - 34 arrows
 f - 10 stones
 g - 61 poisoned darts
 s - 2 throwing nets
Armour
 e - a +0 buckler
Jewellery
 i - a ring of poison resistance (left front leg)
Wands
 n - a wand of iceblast (8)
 x - a wand of charming (4)
 z - a wand of digging (1)
 J - a wand of flame (23)
 K - a wand of acid (8)
 N - a wand of paralysis (14)
Scrolls
 c - a scroll of fog
 j - a scroll of immolation {unknown}
 k - 3 scrolls of fear
 l - 3 scrolls of blinking
 p - a scroll of holy word {unknown}
 B - a scroll of magic mapping
 E - a scroll of teleportation {unknown}
Potions
 b - a potion of lignification
 d - 2 potions of curing
 o - a potion of resistance
 r - 3 potions of might
 u - a potion of haste
 A - a potion of brilliance
 C - 2 potions of heal wounds


   Skills:
 * Level 6.8 Fighting
 - Level 2.0 Dodging
 - Level 2.0 Shields
 - Level 10.0 Unarmed Combat
 - Level 2.0 Spellcasting
 - Level 7.0 Transmutations
 - Level 4.0 Ice Magic


You had 3 spell levels left.
You knew the following spells:

 Your Spells              Type           Power      Damage    Failure   Level
a - Beastly Appendage     Tmut           48%        N/A       5%          1
c - Wereblood             Tmut           24%        N/A       8%          2
p - Spider Form           Tmut/Pois      6%         N/A       32%         3
q - Ice Form              Ice/Tmut       19%        N/A       43%         4

Your spell library contained the following spells:

 Spells                   Type           Power      Damage    Failure   Level
 Animate Skeleton         Necr           2%         N/A       41%         1
 Apportation              Tloc           2%         N/A       41%         1
 Summon Small Mammal      Summ           4%         N/A       41%         1


Dungeon Overview and Level Annotations

Branches:
Dungeon (8/15)             Temple (1/1) D:6
   Lair: D:8-11

Altars:
Cheibriados
Fedhas
Gozag
Hepliaklqana
Nemelex Xobeh
Qazlal
Sif Muna
Trog
Wu Jian
Zin
The Shining One

Shops:
D:2 ?([   D:6 *

Annotations:
D:7 exclusion: 2 doors


Innate Abilities, Weirdness & Mutations

You are a venomous arachnid creature.
You have poisonous fangs.
You are tiny and dextrous.
Your spellcasting is less reliable in this form.
Your armour is entirely melded.
You are incapable of wielding weapons or throwing items.
You cannot wear most types of armour.
((You are amphibious.))
You can wear up to eight rings at the same time.
((Your skin changes colour to match your surroundings (Stealth+).))
((Your rubbery body absorbs attacks. (AC +1, EV +1)))
((You are camouflaged near water. (Stealth+)))
((You have tentacles for arms and can constrict up to eight enemies at once.))


Message History

Your transformation has ended.
There is a stone staircase leading down here.
Casting: Spider Form (dangerous; 14% risk of failure)
Confirm with . or Enter, or press ? or * to list all spells.
You turn into a venomous arachnid creature.
You climb downwards.
There is a stone staircase leading up here.
The steam dragon hisses angrily.
The steam dragon breathes steam at you. The ball of steam hits you!
You are engulfed in a cloud of scalding steam.
You are engulfed in a cloud of scalding steam.
You bite the steam dragon!
The steam dragon is heavily wounded.
The steam dragon misses you. The steam dragon barely misses you.
You bite the steam dragon!
The steam dragon is severely wounded.
The steam dragon breathes steam at you. The ball of steam misses you.
You hit the steam dragon.
The steam dragon is poisoned.
The steam dragon is almost dead.
You are engulfed in a cloud of scalding steam.
The steam dragon barely misses you. x2
You barely miss the steam dragon.
The steam dragon is almost dead.
You are engulfed in a cloud of scalding steam.
The steam dragon bites you!
* * * LOW HITPOINT WARNING * * *
The steam dragon misses you.
You barely miss the steam dragon.
The steam dragon is almost dead.
You are engulfed in a cloud of scalding steam.
* * * LOW HITPOINT WARNING * * *
You hit the steam dragon but do no damage.
The steam dragon is almost dead.
You are engulfed in a cloud of scalding steam.
* * * LOW HITPOINT WARNING * * *
The steam dragon misses you. The steam dragon claws you.
You die...
Your body crumbles into a pile of gold.

#####
#§§§#
##§##
#.#
#§#
#s# $
#D#
#.#
...
###


You could see a steam dragon (very poisoned, catching breath).

Vanquished Creatures
  A troll (D:7)
  A hornet (D:7)
  Grinder (D:3)
  Menkaure (D:7)
  2 water moccasins
  An orc warrior (D:7)
  An ice beast (D:6)
  5 ogres
  A necrophage (D:3)
  A centaur (D:7)
  2 phantoms
  A kobold brigand (D:4)
  3 bullfrogs
  A wyvern zombie (D:8)
  3 scorpions (D:6)
  A water moccasin skeleton (D:5)
  3 killer bees (D:7)
  A howler monkey (D:4)
  2 centaur zombies (D:5)
  A bullfrog zombie (D:5)
  4 hounds
  2 jellies
  3 orc priests
  A bullfrog skeleton (D:4)
  2 centaur skeletons
  Crazy Yiuf (D:3)
  2 gnoll shamans
  8 iguanas
  Natasha (thrice) (D:4)
  2 hound skeletons (D:4)
  9 gnolls
  4 adders
  A white imp (D:5)
  3 ufetubi (D:5)
  2 worms
  4 dart slugs
  17 orcs
  4 endoplasms
  3 giant cockroaches
  7 goblins
  5 hobgoblins
  10 jackals
  10 kobolds
  4 quokkas
  3 ball pythons
  6 bats
  7 frilled lizards
  A goblin skeleton (D:5)
  A goblin zombie (D:5)
  3 hobgoblin zombies (D:5)
  A kobold skeleton (D:5)
  2 orc skeletons (D:5)
  An orc zombie (D:5)
  3 rats (D:2)
172 creatures vanquished.

Vanquished Creatures (others)
  2 plants (D:5)
2 creatures vanquished.

Grand Total: 174 creatures vanquished

Notes
Turn   | Place    | Note
-------+----------+-------------------------------------------
     0 | D:1      | avis the Octopode Transmuter began the quest for the Orb.
     0 | D:1      | Reached XP level 1. HP: 13/13 MP: 3/3
   102 | D:1      | Found a faded altar of an unknown god.
   217 | D:1      | Reached XP level 2. HP: 18/18 MP: 3/5
   997 | D:1      | Reached skill level 4 in Unarmed Combat
   997 | D:1      | Reached XP level 3. HP: 16/23 MP: 4/6
  1099 | D:1      | Learned a level 3 spell: Spider Form
  1164 | D:2      | Found Dalol's Antique Armour Shop.
  1732 | D:2      | Reached XP level 4. HP: 20/29 MP: 5/7
  1959 | D:2      | Found Kafruna's Antique Weapon Shop.
  2191 | D:2      | Found Ydesif's Magic Scroll Shop.
  2581 | D:2      | Reached skill level 5 in Unarmed Combat
  2581 | D:2      | Reached XP level 5. HP: 30/35 MP: 8/8
  3006 | D:3      | Noticed Grinder
  3249 | D:3      | Noticed a necrophage
  3255 | D:3      | Killed a necrophage
  3256 | D:3      | Reached XP level 6. HP: 42/42 MP: 7/9
  3331 | D:3      | Found a runed translucent door.
  3336 | D:3      | Noticed Crazy Yiuf
  3348 | D:3      | Killed Crazy Yiuf
  3831 | D:3      | Reached skill level 6 in Unarmed Combat
  3958 | D:4      | Noticed Natasha
  4177 | D:4      | Reached XP level 7. HP: 42/48 MP: 7/10
  4788 | D:4      | Found a faded altar of an unknown god.
  4788 | D:4      | Found a hazy altar of Hepliaklqana.
  5011 | D:4      | Found an opulent altar of Gozag.
  5017 | D:4      | Became a worshipper of Gozag Ym Sagoz the Greedy
  5068 | D:4      | Found a glowing silver altar of Zin.
  5228 | D:4      | Killed Natasha
  5233 | D:4      | Noticed Natasha
  5241 | D:4      | Killed Natasha
  5242 | D:4      | Reached skill level 7 in Unarmed Combat
  5247 | D:4      | Noticed Natasha
  5360 | D:4      | Killed Natasha
  5540 | D:3      | Paralysed by Grinder for 3 turns
  5551 | D:3      | Killed Grinder
  5552 | D:3      | Reached skill level 5 in Fighting
  5552 | D:3      | Reached XP level 8. HP: 15/55 MP: 9/11
  5775 | D:4      | Learned a level 4 spell: Ice Form
  5787 | D:5      | Entered Level 5 of the Dungeon
  6123 | D:4      | Reached skill level 5 in Transmutations
  6276 | D:2      | Bought a scroll of magic mapping for 49 gold pieces
  6276 | D:2      | Bought a scroll of identify for 28 gold pieces
  6276 | D:2      | Bought a scroll of identify for 28 gold pieces
  6276 | D:2      | Bought a scroll of noise for 14 gold pieces
  6589 | D:5      | Reached skill level 8 in Unarmed Combat
  7068 | D:5      | Found a glowing golden altar of the Shining One.
  7304 | D:5      | Found a shimmering blue altar of Sif Muna.
  7497 | D:5      | Reached skill level 9 in Unarmed Combat
  8166 | D:2      | Bought a scroll of blinking for 105 gold pieces
  8166 | D:2      | Bought a scroll of amnesia for 49 gold pieces
  8166 | D:2      | Bought a scroll of enchant weapon for 105 gold pieces
  8373 | D:6      | Found a blossoming altar of Fedhas.
  8452 | D:6      | Found Vaurr's General Store.
  8456 | D:6      | Reached XP level 9. HP: 61/61 MP: 9/12
  8509 | D:6      | Reached skill level 1 in Ice Magic
  8670 | D:6      | Bought a potion of mutation for 96 gold pieces
  8813 | D:6      | Identified the +7 rapier "Yremay" {holy, Contam Str+5}
  8885 | D:6      | Found a staircase to the Ecumenical Temple.
  8891 | Temple   | Entered the Ecumenical Temple
  8913 | Temple   | Learned a level 2 spell: Wereblood
  8943 | D:6      | Found a bloodstained altar of Trog.
  9099 | D:6      | Found a snail-covered altar of Cheibriados.
  9252 | D:7      | Noticed a hornet
  9264 | D:7      | Killed a hornet
  9721 | D:7      | Found a sparkling altar of Nemelex Xobeh.
  9788 | D:7      | Reached skill level 10 in Unarmed Combat
  9880 | D:7      | Reached skill level 1 in Shields
 10490 | D:2      | Bought a scroll of vulnerability for 105 gold pieces
 10490 | D:2      | Bought a scroll of blinking for 105 gold pieces
 10775 | D:7      | Noticed a troll
 10782 | D:7      | Killed a troll
 10783 | D:7      | Reached XP level 10. HP: 62/68 MP: 11/13
 10860 | D:7      | Noticed Menkaure
 10865 | D:7      | Killed Menkaure
 11534 | D:8      | HP: 2/69 [steam dragon] (10)]
 11534 | D:8      | Slain by a steam dragon

Illustrated notes

Levels and vault maps discovered:
D:1:      minmay_arrival_semitransparent, layout_loops_cross,
          hellmonk_ecumenical_altar_run_dry
D:2:      layout_rooms, serial_shops, shop_statue, shop_scrolls, shop
D:3:      layout_loops_ring, uniq_crazy_yiuf_cottage, uniq_grinder
D:4:      layout_cave_pods, beargit_hepliaklqana_dungeon_heroes,
          pdpol_temple_overflow_zin_treasury_gozag_greed, nrook_mini_vaults,
          uniq_natasha
D:5:      layout_basic, nicolae_tso_besieged_by_evil, mainiacjoe_overflow_paths,
          serial_bayou, serial_bayou_shore_a, serial_bayou_pond_b,
          serial_bayou_pond_a, serial_bayou_crossing
D:6:      layout_loops_ring, mainiacjoe_overflow_alcove_1,
          fedhas_ov_isle_minmay, mainiacjoe_overflow_boulevard, temple_statues,
          serial_shops, nicolae_shop_temple_entry_statues_fountains,
          hangedman_decor_lopped
D:7:      cheibrodos_two_vegetables, layout_gridville, kennysheep_mini,
          uniq_menkaure
D:8:      layout_basic, minmay_crystal_water, supply_closet_lemuel
Temple:   compressed_dpeg_triangle_lava_temple

Skill      XL: |  1  2  3  4  5  6  7  8  9 |
---------------+----------------------------+-----
Unarmed Combat | 4 5 6 7 9 10 | 10.0
Fighting       | 2 3 4 5 6 |  6.8
Transmutations | 3 4 5 7 |  7.0
Ice Magic      | 4 |  4.0
Shields        | 2 |  2.0
Dodging        | |  2.0
Spellcasting   | |  2.0

Action                   |  1- 3 |  4- 6 |  7- 9 | 10-12 || total
-------------------------+-------+-------+-------+-------++-------
Melee: Unarmed           |    13 |    29 |   259 |    35 ||   336
       Constrict         |    15 |    22 |     9 |       ||    46
       Kick              |    12 |    22 |    12 |       ||    46
       Tentacles         |     7 |    15 |    13 |       ||    35
       Dagger            |    42 |    74 |    14 |       ||   130
       Punch             |     1 |     3 |     2 |       ||     6
 Fire: Hunting sling     |       |       |     6 |       ||     6
 Cast: Beastly Appendage |    22 |    36 |    14 |       ||    72
       Spider Form       |       |     3 |    46 |     3 ||    52
       Ice Form          |       |       |     1 |     2 ||     3
  Use: Scroll            |       |       |    12 |       ||    12
       Potion            |       |       |     2 |     1 ||     3
 Stab: Sleeping          |     2 |     8 |     5 |       ||    15
       Distracted        |       |       |     2 |       ||     2
Armor: Skin              |     4 |     5 |    10 |     7 ||    26
Dodge: Dodged            |    17 |    82 |   182 |    29 ||   310

Table legend: (Time is in decaauts)
 A = Elapsed time spent in this place.
 B = Non-inter-level travel time spent in this place.
 C = Inter-level travel time spent in this place.
 D = Time resting spent in this place.
 E = Time spent auto-exploring this place.
 F = Levels seen in this place.
 G = Mean time per level.
                   A        B        C        D        E       F      G
               +--------+--------+--------+--------+--------+-----+--------+
         Total |  11524 |  10126 |   1398 |   4181 |   3402 |   9 | 1280.4 |
       Dungeon |  11483 |  10086 |   1397 |   4181 |   3402 |   8 | 1435.4 |
        Temple |     40 |     39 |      1 |      0 |      0 |   1 |   40.0 |
               +--------+--------+--------+--------+--------+-----+--------+

Top non-repeatable levels by time:
     D:4: 2374 daAuts
     D:5: 1968 daAuts
     D:7: 1734 daAuts
     D:2: 1534 daAuts
     D:3: 1469 daAuts
     D:1: 1332 daAuts
     D:6: 1036 daAuts
  Temple: 40 daAuts
     D:8: 32 daAuts
